[Event "LM 2019"]
[Site "Linköping, Sweden"]
[Date "2019.01.22"]
[Round "2.1"]
[White "Janse, Love"]
[Black "Arvidsson, Erik"]
[Result "1-0"]
[TimeControl "90 min + 30 sec/move"]
[WhiteElo "2187"]
[BlackElo "1903"]

1. e4 c5 2. Nc3 e5 3. Bc4 Nf6 4. d3 Nc6 5. Nge2 d6 6. O-O a6 7. f4 b5 8. Bb3 Qb6 9. Nd5 Nxd5 10. Bxd5 Ra7 11. Be3 g6 12. fxe5 dxe5 13. Rf6 Be6 14. Bxe6 fxe6 15. Qf1 Nd4 16. Bxd4 cxd4 17. Qf2 Bg7 18. Rf1 Bxf6 19. Qxf6 Rg8 20. Qxe5 Rf7 21. Nxd4 Rgf8 22. Rxf7 Kxf7 23. Kf1 Ke7+ 24. Ke2 Rf6 25. b4 Qd6 26. Qc5 Qxc5 27. bxc5 e5 28. Nb3 b4 29. Na5 Kd7 30. Nc4 Re6 31. Ke3 Kc6 32. d4 exd4+ 33. Kxd4 Rf6 34. Ne5+ Kb5 35. Nd3 Rf1 36. Kd5 a5 37. e5 Rf5 38. g4 Rf8 39. Kd6 Rd8+ 40. Kc7 Re8 41. Kd7 Ra8 42. e6 Ra7+ 43. Kd6 Ra6+ 44. Kd5 Ra7 45. Ne5 a4 46. Nc6 Rc7 47. e7 Rd7 48. Ke6 Rxe7+ 49. Nxe7 Kxc5 50. Ke5 Kc4 51. Nd5 h5 52. g5 Kc5 53. Ne3 1-0

[Event "LM 2019"]
[Site "Linköping, Sweden"]
[Date "2019.01.22"]
[Round "2.2"]
[White "Wahlund, Max"]
[Black "Pettersson, Börje"]
[Result "0-1"]
[TimeControl "90 min + 30 sec/move"]
[WhiteTitle "CM"]
[WhiteElo "2151"]
[BlackElo "1895"]

1. e4 c5 2. Nc3 d6 3. f4 a6 4. a4 Nc6 5. Bc4 Nf6 6. d3 e6 7. Ba2 Be7 8. Nf3 O-O 9. O-O Qc7 10.
Kh1 Rb8 11. g4 b5 12. g5 Nd7 13. Nh4 Nb4 14. Bb1 f5 15. Qh5 d5 16. axb5 axb5 17. Bd2 dxe4 18. dxe4 Bb7 19. Kg1 c4 20.
Be3 Bc5 21. Qe2 Qc6 22. Ra5 Ba8 23. Nf3 Qb6 24. Rxb5 Bxe3+ 25. Kg2 Qa7 26. Qxc4 fxe4 27. Qxe6+ Kh8 28. Rxb8 exf3+ 29. Kh3 Rxb8 30.
Nb5 Nf8 31. Qf5 Qd7 32. c4 Qxf5+ 33. Bxf5 f2 34. Kg3 Ng6 35. Nd6 Bxf4+ 36. Kxf2 Bxd6 37. h4 Nxh4 0-1

[Event "LM 2019"]
[Site "Linköping, Sweden"]
[Date "2019.01.22"]
[Round "2.3"]
[White "Grundel, Sam"]
[Black "Stefanovic, Dragan"]
[Result "1-0"]
[TimeControl "90 min + 30 sec/move"]
[WhiteElo "2034"]
[BlackElo "1812"]

1. e4 e5 2. Nf3 Nc6 3. Bc4 Bc5 4. c3 Nf6 5. d3 h6 6. O-O d6 7. Re1 O-O 8. h3 a6 9. Bb3 Ba7 10.
Nbd2 Re8 11. Nf1 Be6 12. Bc2 Qd7 13. Ng3 d5 14. exd5 Qxd5 15. Qe2 Rad8 16. b4 Bc8 17. a4 b5 18.
axb5 axb5 19. Ne4 Qe6 20. Nxf6+ Qxf6 21. d4 e4 22. Bxe4 Bb6 23. Qxb5 Rxe4 24. Rxe4 Qg6 25. Qe2 Be6 26.
Bd2 Bf5 27. Re8+ Rxe8 28. Qxe8+ Kh7 29. Nh4 1-0

[Event "LM 2019"]
[Site "Linköping, Sweden"]
[Date "2019.01.22"]
[Round "2.4"]
[White "Nguyen, Gabriel"]
[Black "Eriksson, Ofelia"]
[Result "1-0"]
[TimeControl "90 min + 30 sec/move"]
[WhiteElo "2034"]
[BlackElo "1773"]

1. d4 Nf6 2. c4 c5 3. d5 b5 4. cxb5 a6 5. bxa6 Bxa6 6. Nc3 g6 7. e4 Bxf1 8. Kxf1 d6 9. g3 Bg7 10.
Kg2 O-O 11. Nf3 Nbd7 12. a4 Ng4 13. Qe2 Qa5 14. Nd2 Ngf6 15. Nc4 Qa6 16. Nb5 Qb7 17. Ra2 Rfb8 18. b3 Qc8 19. Ra3 Ne8 20.
Bb2 Nc7 21. Nxc7 Qxc7 22. Bxg7 Kxg7 23. a5 Rb4 24. Qb2+ Kg8 25. Qc3 Ne5 26. Rha1 Nxc4 27. bxc4 Ra6 28. Ra4 Rxa4 29. Rxa4 Qb7 30.
h4 h5 31. f3 f6 32. Kf2 Kf7 33. Ke3 e6 34. dxe6+ Kxe6 35. Kf4 Qc7 36. Ke3 Qb7 37. g4 Qb1 38. Ra1 Qb7 39. g5 fxg5 40.
hxg5 Qf7 41. Rb1 Qe7 42. f4 Qd8 43. f5+ gxf5 44. exf5+ Kxf5 45. Qd3+ Ke6 46. Qg6+ Kd7 47. Qf5+ Kc7 48.
Qf7+ Qd7 49. Rb7+ 1-0

[Event "LM 2019"]
[Site "Linköping, Sweden"]
[Date "2019.01.22"]
[Round "2.5"]
[White "Barros, Guilherme"]
[Black "Nörager, Mattias"]
[Result "1/2-1/2"]
[TimeControl "90 min + 30 sec/move"]
[WhiteElo "1930"]
[BlackElo "1764"]

1. e4 e5 2. Nf3 Nc6 3. Nc3 Bc5 4. Nxe5 Nxe5 5. d4 Bxd4 6. Qxd4 Qf6 7. Be3 Nc6 8. Qd2 Nge7 9. O-O-O a6 10.
Nd5 Qd6 11. Bf4 Ne5 12. Qe3 O-O 13. Bg5 Nxd5 14. Rxd5 Qe6 15. f4 f6 16. Bh4 c6 17. Rd4 c5 18. Rd5 Nf7 19. Kb1 Re8 20.
Qxc5 d6 21. Qf2 Qxe4 22. Rd4 Qe3 23.
Bc4 Qxf2 24. Bxf2 Be6 25. Bd3 f5 26. a4 d5 27. Rb4 1/2-1/2

[Event "LM 2019"]
[Site "Linköping, Sweden"]
[Date "2019.01.22"]
[Round "2.6"]
[White "Sahlström, Alex"]
[Black "Tonkin, Archie"]
[Result "1-0"]
[TimeControl "90 min + 30 sec/move"]
[WhiteElo "1660"]
[BlackElo "1476"]

1. d4 d5 2. c4 e6 3. Nf3 Nf6 4. g3 c6 5. Bg2 Bd6 6. O-O Nbd7 7. Nc3 h6 8. Nd2 Bc7 9. e4 Nb6 10.
e5 Ng8 11. cxd5 exd5 12. f4 g6 13. b3 Be6 14. g4 Ne7 15. Qf3 Qd7 16. h3 h5 17. f5 gxf5 18. g5 h4 19. a4 Ng6 20.
a5 Nc8 21. b4 Bd8 22. Nb3 Be7 23. b5 a6 24. b6 Qd8 25. Na4 Rb8 26. Nac5 Bxg5 27. Nxb7 Rxb7 28. Nc5 Bxc1 29. Nxb7 Qe7 30.
Nd6+ Nxd6 31. exd6 Qxd6 32. Rfxc1 Kd7 33. Qf1 Nf4 34. Rc2 Rg8 35. Kh1 Nh5 36. Qxa6 Qf4 37. Qd3 Ng3+ 38. Kg1 Ne4 39.
a6 Rg3 40. Rf1 Qb8 41. a7 Qb7 42. Qxg3 Nxg3 43. Ra1 Qa8 44. b7 Qh8 45. Rd2 Ne2+ 46. Kh2 Nxd4 47. b8=Q 1-0

[Event "LM 2019"]
[Site "Linköping, Sweden"]
[Date "2019.01.22"]
[Round "2.10"]
[White "Ingemansson, Björn"]
[Black "Namvar, Daniel"]
[Result "0-1"]
[TimeControl "90 min + 30 sec/move"]
[WhiteElo "1671"]
[BlackElo "1496"]

1. d4 d5 2. c4 e5 3. dxe5 d4 4. Nf3 Nc6 5. Bg5 Bb4+ 6.
Nbd2 Nge7 7. a3 h6 8. Bh4 Bxd2+ 9. Qxd2 g5 10. Bg3 Be6 11. e3 Nf5 12. e4 Nxg3 13. hxg3 g4 14. Ng5 Qd7 15.
b4 O-O-O 16. Nxe6 Qxe6 17. b5 Nxe5 18. Rc1 f5 19. Qf4 fxe4 20. Qxe4 Rhe8 21. Kd2 Nxc4+ 22. Rxc4 Qxe4 23. Bd3 Qxg2 0-1

[Event "LM 2019"]
[Site "Linköping, Sweden"]
[Date "2019.01.22"]
[Round "2.11"]
[White "Skytt, Klas"]
[Black "Lantz, Lars-Göran"]
[Result "1-0"]
[TimeControl "90 min + 30 sec/move"]
[WhiteElo "1652"]
[BlackElo "1290"]

1. d4 d5 2. c4 e6 3. Nc3 Nf6 4. Bg5 Be7 5. e3 c6 6. Nf3 Nbd7 7. Bd3 dxc4 8. Bxc4 Nd5 9. Bxe7 Qxe7 10. O-O Nxc3 11. bxc3 O-O 12. Qc2 b6 13. Rfe1 Bb7 14. Bd3 g6 15. e4 Nf6 16. Qd2 Nd7 17.
Qh6 f6 18. e5 Qg7 19. Qh3 Rae8 20. Bc4 Qf7 21. exf6 Qxf6 22. Rxe6 Rxe6 23. Bxe6+ Rf7 24. Bxd7 c5 25. Be6 Bxf3 26.
Bxf7+ Qxf7 27. Qxf3 1-0

[Event "LM 2019"]
[Site "Linköping, Sweden"]
[Date "2019.01.22"]
[Round "2.13"]
[White "Burmansson, Mattias 2"]
[Black "Uvhagen, Lennart 2"]
[Result "0-1"]
[TimeControl "90 min + 30 sec/move"]
[WhiteElo "1176"]
[BlackElo "1862"]

1. e4 d6 2. Nc3 Nf6 3. Nf3 g6 4. Bc4 Bg7 5. d3 O-O 6. Be3 c6 7. a3 Qa5 8. h3 e5 9. b4 Qc7 10. Qd2 Nbd7 11. O-O-O b5 12. Bb3 a5 13. Bh6 axb4 14. axb4 Qa7 15.
Nb1 c5 16. Bxg7 Kxg7 17. g4 c4 18. dxc4 Nxe4 19. Qe1 Nxf2 20. Rxd6 Nxh1 21. Qxh1 bxc4 22. Bxc4 Bb7 23. Rd2 e4 24.
Qg1 Qxg1+ 25. Nxg1 Ne5 26. Bb3 Rfc8 27. Kb2 Nc4+ 28. Bxc4 Rxc4 29. c3 Rac8 30. Ne2 e3 31. Rd7 Bg2 32.
Na3 Re4 33. Ng3 e2 34. Nc2 e1=Q 35. Nxe1 Rxe1 36. h4 Re3 37. h5 Rxg3 38. hxg6 hxg6 39. Rd4 Rcxc3 40. Rf4 Bd5 41. Ka1 Rg2 42.
Rd4 Rc1# 0-1